 Dungeon Crawl Stone Soup version 0.27.1 (console) character file.

Game seed: 17793115704443613838

95 Banquo the Insei (level 4, -1/32 HPs)
             Began as a Djinni Transmuter on Sept 1, 2021.
             Was an Initiate of Wu Jian.
             Slain by an adder (5 damage)
             ... on level 3 of the Dungeon.
             The game lasted 00:07:23 (3188 turns).

Banquo the Insei (Djinni Transmuter)                Turns: 3188, Time: 00:07:24

Health: -1/32      AC:  2    Str:  9    XL:     4   Next: 95%
Gold:   107        EV: 19    Int: 15    God:    Wu Jian [......] SH:  0 Dex: 19

rFire    . . .     SeeInvis .     - Unarmed
rCold    . . .     Faith    .   (shield currently unavailable)
rNeg     . . .     Spirit   .   (armour currently unavailable)
rPois    ∞         Reflect  .   (helmet currently unavailable)
rElec    .         Harm     .   (cloak currently unavailable)
rCorr    .         Rampage  .   (gloves currently unavailable)
Will     .....                  (boots unavailable)
Stlth    ++........             (no amulet)
HPRegen  0.10/turn              (no ring)
MPRegen  0.00/turn              (no ring)

@: spider-form, flying
A: venomous fangs, flying, sickness immunity, tiny, (fire resistance 2), (cold
vulnerability 1), float, innate caster, hp casting, extra vitality 1
a: End Transformation, Renounce Religion


You were on level 3 of the Dungeon.
You worshipped Wu Jian.
Wu Jian was noncommittal.
You were a venomous arachnid creature.
You visited 1 branch of the dungeon, and saw 3 of its levels.

You collected 107 gold pieces.

Inventory:

Missiles
 c - 18 poisoned darts
 e - 44 stones
 h - 8 boomerangs
 j - 6 datura-tipped darts
Armour
 a - a +0 robe (melded)
Magical Staves
 l - a staff of fire
Jewellery
 d - a ring of magical power
Scrolls
 b - 2 scrolls of noise {unknown}
 i - a scroll of enchant armour {unknown}
 k - a scroll of fear {unknown}
 m - a scroll of silence {unknown}
Potions
 f - a potion of berserk rage {unknown}
 g - 2 potions of curing {unknown}


   Skills:
 * Level 1.4 Fighting
 - Level 2.1 Dodging
 * Level 4.3 Unarmed Combat
 * Level 2.5 Spellcasting


You couldn't memorise any spells.
You knew the following spells:

 Your Spells              Type           Power      Damage    Failure   Level
a - Beastly Appendage     Tmut           18%        N/A       21%         1
b - Wereblood             Tmut           9%         N/A       26%         2
c - Spider Form           Tmut/Pois      4%         N/A       43%         3
d - Ice Form              Ice/Tmut       9%         N/A       78%         4
z - Freeze                Ice            36%        1d6       21%         1
Your spell library was empty.

Dungeon Overview and Level Annotations

Branches:
Dungeon (3/15)

Altars:
Wu Jian
Zin


Innate Abilities, Weirdness & Mutations

You are a venomous arachnid creature.
You have poisonous fangs.
You are tiny and dextrous.
You are flying.
Your spellcasting is less reliable in this form.
Your armour is entirely melded.
You are incapable of wielding weapons or throwing items.
You are immune to sickness and miasma.
You are immune to poison.
((Your flesh is very heat resistant. (rF++)))
((You are vulnerable to cold. (rC-)))
You float through the air rather than walking.
You learn spells naturally, not from books.
Your magical power is your life essence.
You have superior vitality. (+4 HP)


Message History

You don't know that spell.
Unknown command.
Unknown command.
Casting: Beastly Appendage (safe; 8% risk of failure)
Confirm with . or Enter, or press ? or * to list all spells.
You extend your transformation's duration.
The orc closely misses you.
You hit the orc but do no damage. The orc hits you with a +0 club.
You barely miss the orc. The orc misses you.
You barely miss the orc. Your punch misses the orc. You hit the orc.
The orc is moderately wounded.
The orc hits you with a +0 club. The orc hits you with a +0 short sword.
The adder hisses angrily.
You hit the orc.
The orc is moderately wounded.
Your transformation is almost over.
The orc hits you with a +0 club.
* * * LOW HITPOINT WARNING * * *
Unknown command.
Unknown command.
Casting: Beastly Appendage (safe; 8% risk of failure)
Confirm with . or Enter, or press ? or * to list all spells.
The spell is quite dangerous to cast (22% risk of failure)!
Continue anyway?
Your horns disappear.
You turn into a venomous arachnid creature.
Your +0 robe melds into your body.
* * * LOW HITPOINT WARNING * * *
The adder bites you.
* * * LOW HITPOINT WARNING * * *
Unknown command.
You barely miss the orc.
The orc is lightly wounded.
The adder completely misses you. The orc completely misses you.
The orc closely misses you.
You hit the orc but do no damage.
The orc is moderately wounded.
The adder closely misses you. The orc barely misses you. x2
You barely miss the adder. The adder bites you.
You die...

#.#####.# #.#....#...
#<†.....# #....#.#...
#.#####.# ######.#...
#.. #.....#... ##.#
#.#####... .#
#....##... #########
####.##... ≈≈≈≈≈≈S.#
####.##### #######s#
#......# #[....oo#
#....#.#
#.###.#########))..#...
##.........#)### ###
#.≈≈≈≈≈≈≈§#...
#≈oo§≈≈..§#.o##
#≈§§§..≈§≈#...
#≈.§._.§.≈#...8
#≈.≈...≈.§#.....


You could see an adder and 2 orcs.

Vanquished Creatures
  An orc priest (D:3)
  An adder (D:2)
  A dart slug (D:3)
  2 orcs (D:3)
  An endoplasm (D:1)
  6 giant cockroaches
  10 goblins
  5 hobgoblins
  A quokka (D:2)
  5 ball pythons
  4 bats
  5 frilled lizards
  4 kobolds
  3 rats (D:2)
49 creatures vanquished.

Notes
Turn   | Place    | Note
-------+----------+-------------------------------------------
     0 | D:1      | Banquo the Djinni Transmuter began the quest for the Orb.
     0 | D:1      | Reached XP level 1. HP: 17/17 MP: 0/0
   523 | D:1      | Found a faded altar of an unknown god.
   536 | D:1      | Reached XP level 2. HP: 15/22 MP: 0/0
  1687 | D:2      | HP: 1/22 [adder (1)]
  1690 | D:2      | Reached XP level 3. HP: 2/27 MP: 0/0
  1690 | D:2      | Learned a level 1 spell: Freeze
  2441 | D:2      | Found a glowing silver altar of Zin.
  2495 | D:2      | Reached skill level 4 in Unarmed Combat
  2502 | D:2      | Reached XP level 4. HP: 24/32 MP: 0/0
  3131 | D:3      | Found an ornate altar of the Wu Jian Council.
  3169 | D:3      | Became a worshipper of the Wu Jian Council
  3188 | D:3      | Slain by an adder

Illustrated notes

Levels and vault maps discovered:
D:1:      wander_arrival_peaceful_grave, layout_basic,
          shapermc_ecumenical_altar_notcrosses
D:2:      cheibrodos_greedy_goblins, layout_basic, basic_altar
D:3:      cheibrodos_pilgrimage, layout_basic, mainiacjoe_overflow_paths,
          nicolae_overflow_crystal_walls, eat_drink_and_be_merry_uskayaw,
          portal_sewer_entry_d

Skill      XL: |  1  2  3 |
---------------+----------+-----
Spellcasting   | 2 |  2.5
Unarmed Combat | 4 |  4.3
Fighting       | |  1.4
Dodging        | |  2.1

Action                   |  1- 3 |  4- 6 || total
-------------------------+-------+-------++-------
Melee: Unarmed           |    80 |    59 ||   139
       Headbutt          |    14 |     3 ||    17
       Punch             |     1 |       ||     1
 Cast: Beastly Appendage |    24 |     9 ||    33
       Freeze            |    15 |       ||    15
       Wereblood         |     3 |     1 ||     4
       Spider Form       |       |     1 ||     1
 Stab: Sleeping          |     1 |     1 ||     2
Armor: Robe              |    19 |     8 ||    27
Dodge: Dodged            |    66 |    34 ||   100
